 Dungeon Crawl Stone Soup version 0.31-a0-618-g7ca08c1ff9 (webtiles) character file.

Game seed: 9889176108225023284

88 Aj7335 the Ruffian (level 4, -1/35 HPs)
             Began as a Demigod Shapeshifter on Aug 22, 2023.
             Slain by Grinder (2 damage)
             ... on level 3 of the Dungeon.
             The game lasted 00:06:52 (2460 turns).

Aj7335 the Ruffian (Demigod Shapeshifter)           Turns: 2460, Time: 00:06:56

Health: -1/35      AC:  5    Str: 20    XL:     4   Next: 9%
Magic:  6/6        EV: 11    Int: 10    God:
Gold:   125        SH:  0    Dex: 14    Spells: 3/3 levels left

rFire   + .          .
                       - Unarmed
rCold   . . .        (no shield)
rNeg    + . .        f - +0 ring mail
rPois   .            (helmet currently unavailable)
rElec   .            (cloak currently unavailable)
rCorr   .            (gloves currently unavailable)
SInv    .            (boots currently unavailable)
Will    .....        (no amulet)
Stlth   +            k - ring of positive energy
HPRegen 0.25/turn    o - ring of protection from fire
MPRegen 0.10/turn

%: no passive effects
@: beast-form
A: beast (slay +1), high MP 1, forlorn, divine attributes
a: Begin Untransformation


You were on level 3 of the Dungeon.
You were a hulking beast.
You visited 1 branch of the dungeon, and saw 3 of its levels.

You collected 125 gold pieces.

Inventory:

Hand Weapons
 q - a +0 dagger
Armour
 a - a +0 animal skin
 f - a +0 ring mail (worn)
Jewellery
 k - a ring of positive energy (left hand)
 o - a ring of protection from fire (right hand)
 p - a +6 ring of intelligence
Talismans
 c - a beast talisman (active)
 d - a flux talisman
Scrolls
 e - a scroll of amnesia {unknown}
 g - a scroll of poison {unknown}
 h - 3 scrolls of identify {unknown}
 j - a scroll of fog {unknown}
 n - a scroll of brand weapon {unknown}
Potions
 b - 2 potions of lignification
 i - a potion of cancellation {unknown}
 l - a potion of heal wounds {unknown}


   Skills:
 + Level 1.1 Fighting
 + Level 0.7 Armour
 + Level 2.1 Dodging
 + Level 0.2 Stealth
 + Level 3.7 Unarmed Combat
 + Level 3.3 Shapeshifting


You had 3 spell levels left.
You didn't know any spells.
Your spell library was empty.

Dungeon Overview and Level Annotations

Branches:
Dungeon (3/15)

Annotations:
D:3 Grinder


Innate Abilities, Weirdness & Mutations

You are a hulking beast.
Your limbs bulge with bestial killing power. (Slay +1)
You have an increased reservoir of magic. (+10% MP)
You shall have no god before yourself.
Your divine heritage dramatically boosts your attributes as you level up.


Message History

Grinder is nearby!
You punch Grinder!
Grinder is heavily wounded.
Grinder closely misses you.
Grinder is nearby!
You hit Grinder.
Grinder is heavily wounded.
Grinder hits you.
Grinder is nearby!
Grinder is nearby!
You hit Grinder.
Grinder is heavily wounded.
Grinder hits you.
Grinder is nearby!
You are too injured to fight recklessly!
You are too injured to fight recklessly!
Grinder is nearby!
You are too injured to fight recklessly!
Grinder is nearby!
You closely miss Grinder.
Grinder is heavily wounded.
Grinder hits you!
* * * LOW HITPOINT WARNING * * *
You writhe in agony.
* * * LOW HITPOINT WARNING * * *
You hit Grinder.
Grinder is heavily wounded.
Grinder barely misses you.
It was a potion of curing.
You feel better. Grinder gestures at you. Pain shoots through your body!
* * * LOW HITPOINT WARNING * * *
Unknown command.
You closely miss Grinder.
Grinder is heavily wounded.
Grinder hits you.
* * * LOW HITPOINT WARNING * * *
You writhe in agony.
You die...
Grinder says, "Now the real fun starts!"

## . .# #. .# #. ..# #..
..# #.# #.. #.#.###.#
#5.....# #h####.# #.#
############.#
#............##
#####.#.#######...##
............##.###.#####.#
####....###....# #.......#
........# ####.###.#######
####...## ##...##


You could see Grinder.

Vanquished Creatures
  2 adders (D:2)
  3 worms (D:2)
  3 dart slugs
  An orc (D:3)
  6 endoplasms
  2 giant cockroaches
  7 goblins
  3 hobgoblins
  A quokka (D:3)
  2 ball pythons
  6 bats
  3 frilled lizards
  7 kobolds
  5 rats
51 creatures vanquished.

Notes
Turn   | Place    | Note
-------+----------+-------------------------------------------
     0 | D:1      | Aj7335 the Demigod Shapeshifter began the quest for the
                  | Orb.
     0 | D:1      | Reached XP level 1. HP: 15/15 MP: 3/3
   750 | D:1      | Reached XP level 2. HP: 22/22 MP: 4/4
  1219 | D:1      | Reached skill level 1 in Fighting
  1423 | D:2      | Reached XP level 3. HP: 28/28 MP: 5/5
  2064 | D:2      | Reached XP level 4. HP: 31/35 MP: 6/6
  2449 | D:3      | Noticed Grinder
  2460 | D:3      | HP: 1/35 [Grinder (6)]
  2460 | D:3      | Slain by Grinder

Illustrated notes

Levels and vault maps discovered:
D:1:      tekkud_arrival_beachfront_property, layout_basic,
          shapermc_ecumenical_altar_pompeii
D:2:      layout_rooms, serial_corexii_hall, chequers_hall_statues_wall_a,
          chequers_hall_statues_y, kennysheep_path_1, chequers_decorated_corner,
          minmay_unequal
D:3:      layout_loops_ring, nicolae_elevator_lobby_asterisk, uniq_grinder

Skill      XL: |  1  2 |
---------------+-------+-----
Shapeshifting  | 3 |  3.3
Dodging        | 2 |  2.1
Unarmed Combat | 3 |  3.7
Fighting       | 1 |  1.1
Armour         | |  0.7
Stealth        | |  0.2

Action                     |  1- 3 |  4- 6 || total
---------------------------+-------+-------++-------
  Melee: Unarmed           |   144 |    28 ||   172
         Punch             |     2 |       ||     2
Ability: Begin Untransform |     1 |       ||     1
    Use: Potion            |       |     1 ||     1
 Armour: Ring mail         |    51 |    14 ||    65
  Dodge: Dodged            |    69 |    31 ||   100
   Form: Beast             |       |     1 ||     1

Table legend: (Time is in decaauts)
 A = Elapsed time spent in this place.
 B = Non-inter-level travel time spent in this place.
 C = Inter-level travel time spent in this place.
 D = Time resting spent in this place.
 E = Time spent auto-exploring this place.
 F = Levels seen in this place.
 G = Mean time per level.
                   A        B        C        D        E       F      G
               +--------+--------+--------+--------+--------+-----+--------+
         Total |   2447 |   2272 |    175 |    480 |   1399 |   3 |  815.7 |
       Dungeon |   2447 |   2272 |    175 |    480 |   1399 |   3 |  815.7 |
               +--------+--------+--------+--------+--------+-----+--------+

Top non-repeatable levels by time:
     D:1: 1371 daAuts
     D:2: 944 daAuts
     D:3: 132 daAuts
